[Event "*** Titled Tuesday Blitz"]
[Site "Chess.com"]
[Date "2021.03.02"]
[Round "8"]
[White "Gurvich_Vitaly"]
[Black "Chowman64"]
[Result "1-0"]
[WhiteElo "2613"]
[BlackElo "2646"]
[TimeControl "180+1"]
[EndTime "11:30:37 PST"]
[Termination "Gurvich_Vitaly won on time"]

1. e4 c5 2. Nf3 d6 3. d4 cxd4 4.
Nxd4 Nf6 5. Nc3 Nc6 6. f3 e5 7. Nb3 Be7 8. Be3 O-O 9. Qd2 Be6 10. O-O-O a5 11. a4 Nb4 12. Kb1 Rc8 13. g4 d5 14. g5 Nh5 15. exd5 Bf5 16. Bd3 Nxd3 17.
cxd3 Bb4 18. Rc1 Qd7 19. Rhe1 b5 20. Qf2 Bxc3 21. Rxc3 Rxc3 22. bxc3 bxa4 23. Nc5 Qxd5 24. Ka1 Rb8 25. Qa2 Qxf3 26. Qxa4 g6 27. Qd1 Qd5 28. c4 Qc6 29. Qd2 Nf4 30. Bxf4 exf4 31. Qxf4 Rc8 32. d4 Qb6 33. Qd2 Rb8 34. Qc3 a4 35. Ka2 Qd6 36. Qd2 Rd8 37. Ka3 Rb8 38. Ka2 Qb6 39. Qc3 a3 40. h4 Qd6 41. Nb3 Qh2+ 42. Qd2 Qxh4 43. d5 Qg3 44. Re3 Qd6 45. c5 Qd8 46. d6 Be6 47. c6 Qb6 48. Qc3 1-0

[Event "*** Titled Tuesday Blitz"]
[Site "Chess.com"]
[Date "2021.03.02"]
[Round "8"]
[White "13MiRacLe"]
[Black "PSvidler"]
[Result "0-1"]
[WhiteElo "2741"]
[BlackElo "2918"]
[TimeControl "180+1"]
[EndTime "11:30:38 PST"]
[Termination "PSvidler won by resignation"]

1. e4 c5 2. Nf3 e6 3. d4 cxd4 4.
Nxd4 a6 5. Bd3 Bc5 6. Nb3 Be7 7.
Qg4 g6 8. a4 d6 9. Qe2 Nd7 10. O-O h5 11. Na3 Ngf6 12. Nc4 O-O 13. a5 d5 14. exd5 exd5 15. Ne5 Nxe5 16. Qxe5 Bd6 17.
Qd4 Re8 18. Bf4 Bf8 19. Rae1 Be6 20. Nc5 Ne4 21. Nxe4 dxe4 22. Qxd8 Raxd8 23. Rxe4 Rd5 24. Bd2 Bg7 25. Rb4 Bf5 26. Rxb7 Bxd3 27. cxd3 Rxd3 28. Bc3 Bxc3 29. bxc3 Rxc3 30. Rb6 Re6 31. Rfb1 Rc5 32. g3 Rxa5 33. Rxe6 fxe6 34. Rb7 Kf8 35. Kg2 Ra3 36.
h4 a5 37. Ra7 a4 38. Rb7 Rb3 39. Ra7 a3 40. Kf1 Ke8 41. Ke2 Kd8 42. Kd2 Rb2+ 43.
Ke3 a2 44. f3 Kc8 45. Kf4 Kb8 46.
Ra3 Rg2 47. g4 hxg4 48. fxg4 Kb7 49. Kg5 Kb6 50. h5 gxh5 51. Kxh5 Kb5 52. g5 Kb4 53. Ra8 Kb3 54. g6 Kb2 55. Kh6 a1=Q 56. Rxa1 Kxa1 57.
g7 e5 0-1

[Event "*** Titled Tuesday Blitz"]
[Site "Chess.com"]
[Date "2021.03.02"]
[Round "8"]
[White "Sven_Tica"]
[Black "GigaQuparadze"]
[Result "0-1"]
[WhiteElo "2674"]
[BlackElo "2956"]
[TimeControl "180+1"]
[EndTime "11:30:38 PST"]
[Termination "GigaQuparadze won on time"]

1. d4 Nf6 2. c4 e6 3. g3 d5 4.
Bg2 Bb4+ 5. Bd2 a5 6. Nf3 O-O 7.
Qc2 c5 8. a3 Bxd2+ 9. Nbxd2 cxd4 10. Nxd4 Qb6 11. e3 e5 12. Nb5 dxc4 13. a4 Nc6 14. Nxc4 Qc5 15. O-O Nb4 16. Qc3 Nfd5 17. Qb3 Be6 18. Rac1 Nb6 19. Nxb6 Qxb6 20. Qc3 Rac8 21.
Qa3 Rfd8 22. Rxc8 Rxc8 23. Rd1 h5 24. h4 Bg4 25. Rd6 Qc5 26. Qc3 Qxc3 27. Nxc3 Rc7 28. Rb6 Bc8 29. Rb5 Nd3 30. Rxa5 Nxb2 31. Nd5 Rc1+ 32. Kh2 Be6 33. Nb4 b6 34. Rxe5 Nxa4 35. Bd5 Bxd5 36. Nxd5 g6 37. Re4 Nc5 38. Re8+ Kg7 39.
Nxb6 Nd3 40. Nd5 Nxf2 41. Kg2 Ng4 42. Nf4 Rc2+ 43. Kg1 Nh6 44. e4 Ra2 45. Rd8 Ra4 46. e5 Nf5 47. e6 fxe6 48. Nxe6+ Kf6 49. Ng5 Nxg3 50. Rd6+ Kf5 51. Rd5+ Kg4 52. Ne6 Kh3 53.
Rg5 Rg4 54. Nf8 Rf4 0-1

[Event "*** Titled Tuesday Blitz"]
[Site "Chess.com"]
[Date "2021.03.02"]
[Round "8"]
[White "Federtiu"]
[Black "AryanTari"]
[Result "0-1"]
[WhiteElo "2645"]
[BlackElo "2891"]
[TimeControl "180+1"]
[EndTime "11:30:38 PST"]
[Termination "AryanTari won on time"]

1. e4 c6 2. d4 d5 3. e5 Bf5 4. Nf3 e6 5. Be2 Ne7 6. O-O c5 7. c4 Nbc6 8. dxc5 d4 9. Qb3 Qc8 10. Rd1 Ng6 11. Nxd4 Nxd4 12. Rxd4 Bxc5 13. Qb5+ Qc6 14.
Qxc6+ bxc6 15. Rd1 Nxe5 16. Nc3 O-O 17. Bf4 f6 18. Na4 Be7 19. b3 Rfd8 20. Be3 a5 21. Bb6 Rxd1+ 22. Rxd1 g5 23. h3 Kf7 24. Bc7 Ra7 25. Bb6 Ra8 26. Bh5+ Kf8 27. Bc7 Ra7 28. Bb8 Rb7 29. Bd6 Bxd6 30. Rxd6 Ke7 31. Rd2 Rb4 32. Be2 Nd7 33. Kf1 Bg6 34. Ke1 h5 35. Kd1 h4 36.
Kc1 Rb8 37. Kb2 Ne5 38. Kc3 Be4 39. f3 Bf5 40. Nc5 Rb6 41. a3 Rb8 42. Bf1 Ke8 43. Be2 Ke7 44. Rd4 Bb1 45. f4 gxf4 46. Rxf4 Rg8 47.
Rxh4 Rxg2 48. Bg4 Rg3+ 49. Kd2 f5 0-1

[Event "*** Titled Tuesday Blitz"]
[Site "Chess.com"]
[Date "2021.03.02"]
[Round "8"]
[White "Gabix_94"]
[Black "TST2014"]
[Result "1-0"]
[WhiteElo "2814"]
[BlackElo "2630"]
[TimeControl "180+1"]
[EndTime "11:30:39 PST"]
[Termination "Gabix_94 won by resignation"]

1. e4 c5 2. Nf3 Nc6 3. Nc3 d6 4. d4 cxd4 5. Nxd4 Nf6 6. Be2 e5 7. Nb3 Be7 8. g4 h6 9. Rg1 Be6 10. g5 hxg5 11. Bxg5 Rxh2 12. Qd2 Qb6 13. Be3 Qc7 14. O-O-O g6 15. Nb5 Qd7 16. Bf3 Ng4 17. Rxg4 Bxg4 18. Bxg4 Qxg4 19. Nc7+ Kf8 20. Nxa8 Qc8 21.
Bg5 f6 22. Bh6+ Kg8 23. Rg1 Kh7 24. Be3 Qxa8 25. Qd5 Qg8 26. Qb5 Qc8 27. Qd5 Kg7 28.
Nd2 Nb4 29. Qb3 a5 30. a3 Nc6 31. Nc4 Nd4 32. Bxd4 exd4 33. Nb6 Qh3 34. Qxh3 Rxh3 35. Nd5 Bd8 36. Nf4 Rh6 37. Ne6+ Kf7 38. Nxd8+ Ke7 39.
Nxb7 a4 40. Na5 g5 41. Nc6+ Kf7 42. Nxd4 Rh2 43. f3 Rf2 44. Kd1 Kg6 45. Ke1 Rh2 46.
Ne2 Kf7 47. Kd2 Ke6 48. Kd3 d5 49. exd5+ Kxd5 50. Nc3+ Ke5 51. Rg4 Rh3 52. Ke3 Rh2 53. Re4+ Kf5 54. Ne2 Rh3 55. Rxa4 Kg6 56. Rc4 f5 57. a4 g4 58. Nf4+ Kg5 59. Nxh3+ gxh3 60. Kf2 f4 61. Rc8 h2 62. Rh8 h1=N+ 63. Rxh1 Kf5 64.
Re1 Kg5 65. b4 Kh4 66. c4 Kh3 67. a5 Kh2 68. b5 Kh3 69. c5 Kh2 70. a6 Kh3 71. b6 Kh4 72. c6 Kg5 73. a7 Kf6 74. b7 Kg7 75. c7 Kf7 76. a8=Q Kf6 1-0

[Event "*** Titled Tuesday Blitz"]
[Site "Chess.com"]
[Date "2021.03.02"]
[Round "8"]
[White "bocah_sakit"]
[Black "mikolka1985"]
[Result "1-0"]
[WhiteElo "2861"]
[BlackElo "2645"]
[TimeControl "180+1"]
[EndTime "11:30:40 PST"]
[Termination "bocah_sakit won by resignation"]

1. e4 e5 2. Nf3 Nc6 3. Bb5 a6 4. Bxc6 dxc6 5. O-O Qf6 6. d4 exd4 7. Bg5 Qd6 8. Qxd4 Qxd4 9. Nxd4 Bd7 10. Nc3 Ne7 11.
Rad1 O-O-O 12. Rd2 f6 13. Be3 Ng6 14. Rfd1 Bb4 15. Nde2 Ne5 16. Bf4 Nc4 17. Rd4 Be6 18. b3 Bxc3 19. Nxc3 Na3 20. Bc1 Nxc2 21. R4d2 Nb4 22.
a3 Rxd2 23. Rxd2 a5 24. axb4 axb4 25. Nb1 c5 26. Ra2 Kd7 27. Nd2 Kc6 28. Kf1 Rd8 29. Ke2 Bf7 30. Rc2 b5 31. Bb2 Kb6 32. f4 Re8 33. g4 Rd8 34. g5 fxg5 35. f5 g6 36. f6 Re8 37. e5 Be6 38. Ne4 c4 39. Bd4+ Kc6 40. Nc5 Bd5 41. Na6 Kd7 42. Nxb4 Be4 43. Rc3 c5 44. Bxc5 Rxe5 45. Bd4 Rf5 46. bxc4 bxc4 47. Rxc4 Bf3+ 48. Ke3 Bg2 49. Rc1 h5 50.
Nd3 h4 51. Ne5+ Ke6 52. f7 Kd5 53. Rc8 1-0

[Event "*** Titled Tuesday Blitz"]
[Site "Chess.com"]
[Date "2021.03.02"]
[Round "8"]
[White "VitaRasik"]
[Black "FLamps8"]
[Result "0-1"]
[WhiteElo "2548"]
[BlackElo "2666"]
[TimeControl "180+1"]
[EndTime "11:30:40 PST"]
[Termination "FLamps8 won on time"]

1. e4 c6 2. d3 d5 3. Nd2 dxe4 4. dxe4 Nf6 5. Ngf3 Bg4 6. Bc4 e6 7. O-O Be7 8. e5 Nd5 9. Re1 O-O 10. a3 Nd7 11. Bf1 Qc7 12. h3 Bh5 13. c4 N5b6 14.
b3 Nxe5 15. Bb2 Nxf3+ 16. Nxf3 Rad8 17. Qe2 Nd7 18. g4 Bg6 19. Bg2 Bf6 20. Bxf6 Nxf6 21. Ne5 Rd4 22. Rad1 Rfd8 23. Rxd4 Rxd4 24. Rd1 Qd6 25.
Rxd4 Qxd4 26. Nxg6 hxg6 27. Qe1 Nd7 28. Qa5 Ne5 29.
Qc7 Nd3 30. Qb8+ Kh7 31. Qxb7 Qxf2+ 32. Kh1 Qe1+ 33. Kh2 Qe5+ 34. Kg1 Qd4+ 35. Kh2 Ne5 36. b4 Qf4+ 37. Kg1 Qc1+ 38. Kh2 Qf4+ 39. Kg1 Qxc4 40.
a4 Qc1+ 41. Kh2 Qf4+ 42. Kg1 Qd4+ 43. Kh2 g5 44. b5 cxb5 45. axb5 Qb6 46. Qe4+ Ng6 47.
Qd3 Qc7+ 48. Kh1 Qb6 49. Kh2 Kh6 50. Be4 Qf2+ 0-1

[Event "*** Titled Tuesday Blitz"]
[Site "Chess.com"]
[Date "2021.03.02"]
[Round "8"]
[White "jerry_77"]
[Black "Fighter008"]
[Result "1-0"]
[WhiteElo "2489"]
[BlackElo "2617"]
[TimeControl "180+1"]
[EndTime "11:30:40 PST"]
[Termination "jerry_77 won by resignation"]

1. e4 c5 2. Nf3 d6 3. d4 cxd4 4. Nxd4 Nf6 5. Nc3 a6 6. Be3 e5 7.
Nb3 Be7 8. f3 Be6 9. Qd2 b5 10.
O-O-O Nbd7 11. g4 Nb6 12. g5 Nfd7 13. Kb1 Rc8 14. h4 Qc7 15. Bxb6 Nxb6 16. Bd3 Nc4 17. Bxc4 bxc4 18. Nc1 Qb6 19. N1e2 Rb8 20. b3 O-O 21. Na4 Qc6 22. Nec3 Rfc8 23. Rc1 Bd8 24. Rhd1 Bc7 25.
Ka1 Rd8 26. Nd5 Kf8 27. Nb2 c3 28. Nxc3 Ba5 29. Nba4 Rdc8 30. Kb2 Bb4 31. a3 Bxc3+ 32. Nxc3 Rb6 33. Nd5 Bxd5 34. exd5 Qc5 35. c4 a5 36. Ka2 Rcb8 37. Rc3 R6b7 38. Qe3 Qc7 39. Rdd3 Kg8 40. c5 dxc5 41. Qxc5 Qd7 42. Qc6 Qh3 43. d6 a4 44. b4 Qe6+ 45. Kb2 Rd7 46. Qc8+ Qe8 47.
Qxe8+ Rxe8 48. Rc7 Red8 49. Rxd7 Rxd7 50. b5 f5 51. Kc3 Kf7 52. Kb4 Ke6 53. Kc5 Rd8 54. b6 Rc8+ 55. Kb5 Kd7 56. b7 Rb8 57. Kb6 e4 58. fxe4 fxe4 59. Re3 Kxd6 60. Rxe4 Rf8 61. Ka7 1-0

[Event "*** Titled Tuesday Blitz"]
[Site "Chess.com"]
[Date "2021.03.02"]
[Round "8"]
[White "Schachspielerr"]
[Black "Ajedrez_con_German"]
[Result "1/2-1/2"]
[WhiteElo "2704"]
[BlackElo "2572"]
[TimeControl "180+1"]
[EndTime "11:30:41 PST"]
[Termination "Game drawn by repetition"]

1. d4 e6 2. c4 Bb4+ 3. Nc3 c5 4.
d5 Bxc3+ 5. bxc3 d6 6. dxe6 Bxe6 7. e4 Nc6 8. Be2 Nf6 9. Bg5 h6 10. Bxf6 Qxf6 11. Qc2 Ne5 12. Qa4+ Bd7 13. Qc2 Bc6 14. Nf3 O-O 15. O-O Rfe8 16. Rfe1 Ng6 17. Bf1 Re6 18. Re3 Rae8 19. Rae1 Nf4 20. g3 Ng6 21. Bh3 R6e7 22. Nd2 Bd7 23. Bg2 Ne5 24. h3 Be6 25. f4 Nxc4 26.
Nxc4 Bxc4 27. Kh2 Bb5 28. Bf3 Bc6 29. Qd3 Qg6 30. Kg2 Qe6 31. Qd2 Qd7 32. h4 b6 33.
a3 Qb7 34. Qd3 g6 35. Kf2 Kg7 36. h5 Qd7 37. Kg2 Qe6 38. hxg6 fxg6 39. Kf2 Qf6 40.
Rd1 Qf7 41. Qxd6 Bxe4 42. Bxe4 Rxe4 43. Rxe4 Rxe4 44. Qc6 Re6 45. Qc8 Re8 46. Rd8 Rxd8 47. Qxd8 h5 48. Qd6 Qf6 49. Qd7+ Qf7 50. Qd6 Qf6 51.
Qd7+ Kh6 52. Qe8 Kg7 53. Qd7+ 1/2-1/2

[Event "*** Titled Tuesday Blitz"]
[Site "Chess.com"]
[Date "2021.03.02"]
[Round "8"]
[White "RobertoJBM"]
[Black "Skat2704"]
[Result "1-0"]
[WhiteElo "2728"]
[BlackElo "2576"]
[TimeControl "180+1"]
[EndTime "11:30:43 PST"]
[Termination "RobertoJBM won by resignation"]

1. d4 d5 2. Nf3 Nf6 3. e3 e6 4.
Bd3 Bd6 5. Nbd2 O-O 6. O-O c5 7. c3 c4 8. Bc2 b5 9. e4 Be7 10. e5 Nfd7 11. a3 Nc6 12. g3 a5 13.
h4 f6 14. exf6 Bxf6 15. Ng5 Bxg5 16. hxg5 Qxg5 17. Nf3 Qh5 18. Ng5 Qxd1 19. Bxh7+ Kh8 20. Rxd1 Nf6 21. Bc2 e5 22. dxe5 Nxe5 23. Be3 Bg4 24. Re1 Ne4 25. Kg2 Nxg5 26. Bxg5 Bf3+ 27. Kf1 Ng4 28. Bf4 b4 29. axb4 axb4 30. Rxa8 Rxa8 31. cxb4 d4 32. Be4 Bxe4 33. Rxe4 d3 34. Rxc4 Ra1+ 35. Kg2 Rb1 36. Bd2 Rxb2 37. Rxg4 Rxd2 38. Rd4 Rb2 39. Kf3 d2 40. Ke2 d1=Q+ 41. Kxd1 Rxf2 42. Kc1 Rf3 43.
g4 Kh7 44. Kb2 Kg6 45. b5 Kg5 46. b6 Rf7 47. Kb3 Rb7 48. Rb4 Kh4 49. Ka4 g5 50.
Kb5 Rb8 51. Kc6 Kg3 52. b7 Rf8 53. Kb6 Kf3 54. Ka7 Rf7 55. Ka8 Rf8+ 56. b8=Q 1-0

[Event "*** Titled Tuesday Blitz"]
[Site "Chess.com"]
[Date "2021.03.02"]
[Round "8"]
[White "GianmarcoVaR"]
[Black "Grimlock_Glasgow"]
[Result "0-1"]
[WhiteElo "2624"]
[BlackElo "2493"]
[TimeControl "180+1"]
[EndTime "11:30:43 PST"]
[Termination "Grimlock_Glasgow won by resignation"]

1. e4 e5 2. Nf3 d5 3. d4 dxe4 4.
Nxe5 Bd6 5. Nc3 Bxe5 6. dxe5 Qxd1+ 7. Nxd1 Nc6 8. Nc3 Bf5 9. Bb5 Ne7 10. Bg5 a6 11. Bxc6+ Nxc6 12. Nd5 O-O 13. O-O-O Rac8 14. Rhe1 Rfe8 15. f4 exf3 16. gxf3 h6 17. Bh4 Kh7 18. f4 Be6 19. Ne3 g6 20. Bf6 Ne7 21. h4 Nf5 22. Nxf5 Bxf5 23. b3 b5 24. Kb2 a5 25. Rd5 c6 26.
Rd6 a4 27. bxa4 bxa4 28. Re3 c5 29. Rc3 Rb8+ 30. Ka3 Rb4 31. Rxc5 Rxf4 32. Rc7 Be6 33. Be7 g5 34. Rxe6 Rf3+ 35. Kxa4 fxe6 36. Bxg5+ Kg6 37.
Bf6 Ra8+ 38. Kb4 Rxa2 39. c4 Rb2+ 40. Kc5 Rc2 41. Kd6 Rfc3 42. c5 Kf5 43. c6 Rd3+ 44.
Ke7 Rdc3 45. Kd7 Rd3+ 46. Ke8 Rdc3 47. Kd8 Rxc6 48. Rxc6 Rxc6 49. h5 Rc5 50. Ke7 Rxe5 51.
Kf7 Rb5 52. Bh4 Rb7+ 53. Kg8 e5 54. Bf2 e4 55. Be3 Kg4 56. Bxh6 Kxh5 57. Be3 Kg6 58. Kf8 Rb3 59. Bc1 e3 60. Ke7 e2 61. Bd2 Rd3 62.
Be1 Rd1 63. Bf2 e1=Q+ 64. Bxe1 Rxe1+ 65. Kf8 Kf5 66. Kf7 Re6 67. Kg7 Re7+ 68. Kf8 Kf6 69. Kg8 Rd7 70. Kh8 Kg6 0-1

[Event "*** Titled Tuesday Blitz"]
[Site "Chess.com"]
[Date "2021.03.02"]
[Round "8"]
[White "SGchess01"]
[Black "Konavets"]
[Result "0-1"]
[WhiteElo "2849"]
[BlackElo "2949"]
[TimeControl "180+1"]
[EndTime "11:30:45 PST"]
[Termination "Konavets won by resignation"]

1. e4 c6 2. d4 d5 3. exd5 cxd5 4. Bd3 Qc7 5. c3 Nf6 6. h3 g6 7. Nf3 Bf5 8. Be2 Bg7 9. O-O O-O 10. Be3 Nc6 11. Nbd2 Rfe8 12. Re1 a6 13. Nb3 Ne4 14.
Nc1 b5 15. Nd3 a5 16. Rc1 Qb6 17. Nfe5 Nd6 18. Nxc6 Qxc6 19. Bf4 Nc4 20. b3 Nd6 21. Ne5 Qb7 22. Qd2 Rac8 23. g4 Ne4 24. Qe3 Be6 25. Bf3 Nd6 26. c4 bxc4 27. bxc4 Bxe5 28. Qxe5 Red8 29.
Bh6 Ne8 30. c5 Rc6 31. Rb1 Qd7 32. Be2 f6 33. Qe3 Nc7 34. Rb6 Re8 35. Reb1 Bf7 36. Rxc6 Qxc6 37. Rb6 Qd7 38. Bf4 e5 39. dxe5 d4 40. Qg3 Nd5 41. Rd6 Qb7 42. Bf3 Qb1+ 43. Kh2 Nxf4 44. Qxf4 fxe5 45. Qf6 e4 46. Rd7 Qxa2 47.
Bg2 e3 48. Bd5 Qxd5 49. Rxd5 Bxd5 50. fxe3 dxe3 51. Qd4 Bf7 52. Qc3 e2 53. Qe1 Bd5 54. Kg3 a4 55. Kf2 a3 56. c6 Bxc6 57. Qc3 e1=Q+ 0-1

[Event "*** Titled Tuesday Blitz"]
[Site "Chess.com"]
[Date "2021.03.02"]
[Round "8"]
[White "wonderfultime"]
[Black "DenLaz"]
[Result "0-1"]
[WhiteElo "2914"]
[BlackElo "2850"]
[TimeControl "180+1"]
[EndTime "11:30:45 PST"]
[Termination "DenLaz won by resignation"]

1. d4 d5 2. Nf3 Nf6 3. Bf4 e6 4.
e3 Bd6 5. Nbd2 O-O 6. c3 b6 7.
Bd3 Bxf4 8. exf4 Ba6 9. Bxa6 Nxa6 10. Qe2 Nb8 11. O-O c5 12. Rfe1 Nc6 13. Nb3 Qd6 14.
Ne5 Ne7 15. Rad1 Ng6 16. g3 a5 17. Nd2 cxd4 18. cxd4 a4 19. a3 Rab8 20. Qb5 Ra8 21.
Rc1 Ra5 22. Qd3 Ne7 23. Rc2 Nd7 24.
Rec1 Nxe5 25. fxe5 Qd8 26. Nf1 Nf5 27. Ne3 Nxe3 28.
Qxe3 Rb5 29. Qc3 Rb3 30. Qc6 b5 31. Qb7 g6 32. h4 Qa8 33. Qe7 Qd8 34. Qd6 h5 35. Kg2 Kg7 36. Qa6 Qa8 37. Qb6 Qb8 38. Qc5 b4 39. Qe7 Qd8 40. Qc5 bxa3 41. bxa3 Qd7 42.
Qa5 Qb5 43. Qc7 Qd3 44. Qe7 Qf3+ 45. Kg1 Rxa3 46. Rc7 Ra2 47. Rf1 Qf5 48. Rc3 Rd2 49.
Qb4 Qe4 50. Qe7 Rxd4 51. Qf6+ Kg8 52. Rf3 Qe2 53. Rc1 Rd1+ 54. Rxd1 Qxd1+ 55. Kg2 Qd4 56. Qg5 Qe4 57. Qd2 a3 58. Qa2 Ra8 59. g4 hxg4 0-1

[Event "*** Titled Tuesday Blitz"]
[Site "Chess.com"]
[Date "2021.03.02"]
[Round "8"]
[White "Klavdia_Nik"]
[Black "night_player"]
[Result "1/2-1/2"]
[WhiteElo "2063"]
[BlackElo "2174"]
[TimeControl "180+1"]
[EndTime "11:30:45 PST"]
[Termination "Game drawn by repetition"]

1. Nf3 f5 2. c4 d6 3. d4 Nf6 4.
Nc3 g6 5. d5 Bg7 6. Nd4 O-O 7.
g3 Na6 8. Bg2 Nc5 9. b4 Nce4 10.
Bb2 Nxc3 11. Bxc3 e5 12. dxe6 c6 13. O-O Qe7 14. Qc2 Bxe6 15. Nxe6 Qxe6 16. Bb2 Rfe8 17.
e3 Ne4 18. Bxg7 Kxg7 19. Rfd1 Rad8 20. Rac1 d5 21. cxd5 Rxd5 22. Rxd5 Qxd5 23. Rd1 Qe6 24. h4 Re7 25. a4 Nf6 26. Qc3 Rd7 27. Rd4 Rxd4 28. Qxd4 Qd7 29. Qxa7 Qe7 30. Qd4 Kf7 31. Bf3 h6 32. Kg2 g5 33. hxg5 hxg5 34. b5 g4 35. Be2 cxb5 36. axb5 Qe4+ 37. Qxe4 Nxe4 38. Bc4+ Ke7 39. Bd5 Nc5 40. f3 gxf3+ 41. Kxf3 b6 42. g4 fxg4+ 43. Kxg4 Kd6 44. e4 Ke5 45. Bc6 Nxe4 46.
Kf3 Nd6 47. Ke3 Nf5+ 48. Kd3 Kd6 49. Kc4 Ne3+ 50. Kd4 Nc2+ 51. Kc3 Ne3 52. Kd4 Nf5+ 53. Kc4 Ne7 54. Be8 Nf5 55. Bc6 1/2-1/2

[Event "*** Titled Tuesday Blitz"]
[Site "Chess.com"]
[Date "2021.03.02"]
[Round "8"]
[White "andrzej"]
[Black "AldokhinIvan"]
[Result "0-1"]
[WhiteElo "2363"]
[BlackElo "2526"]
[TimeControl "180+1"]
[EndTime "11:30:46 PST"]
[Termination "AldokhinIvan won on time"]

1. e4 c5 2. Nc3 e6 3. f4 d5 4. Nf3 d4 5. Bb5+ Bd7 6. Bxd7+ Qxd7 7. Ne2 d3 8. cxd3 Nc6 9. d4 O-O-O 10.
O-O Nf6 11. d3 Kb8 12. Bd2 cxd4 13. Qa4 Bc5 14. Rfc1 Bb6 15. Kh1 Ng4 16. Be1 f5 17. e5 g5 18. Nxg5 h6 19. Nf3 Rhg8 20. Bh4 Rde8 21. b4 Ne3 22. b5 Nxg2 23. bxc6 Qd5 24. c7+ Kc8 25. Neg1 Nxh4 26. Qd1 Rxg1+ 27. Kxg1 Nxf3+ 28.
Kf2 Nxe5 29. fxe5 Qxe5 30. Qf3 Qxh2+ 31. Qg2 Qf4+ 32. Qf3 Qd2+ 33. Qe2 Qe3+ 34. Qxe3 dxe3+ 35. Kf3 Re7 36. Rh1 Kxc7 37. Rxh6 Kd6 38. a4 Bd4 39. Rb1 Rc7 40. Rb4 Kd5 41. Rb5+ Kd6 42. Rb4 Kd5 43. Rb5+ Bc5 44. d4 Kxd4 45. Rxe6 Kc4 46. Re5 b6 47.
Rxf5 Rd7 0-1

[Event "*** Titled Tuesday Blitz"]
[Site "Chess.com"]
[Date "2021.03.02"]
[Round "8"]
[White "A-Fier"]
[Black "Sanan_Sjugirov"]
[Result "1-0"]
[WhiteElo "2799"]
[BlackElo "2912"]
[TimeControl "180+1"]
[EndTime "11:30:48 PST"]
[Termination "A-Fier won on time"]

1. d4 Nf6 2. c4 e6 3. Nc3 Bb4 4. e3 c5 5. Ne2 d6 6. g3 d5 7. dxc5 dxc4 8. Qxd8+ Kxd8 9. Bd2 Bxc5 10.
Nc1 a6 11. Bxc4 b5 12. Be2 Bb7 13. O-O Ra7 14. Nb3 Bd6 15. f3 Ke7 16. e4 Ba8 17. Be3 Rc7 18. Rfd1 Nbd7 19. a4 b4 20. Nb1 Bb7 21.
N1d2 Rhc8 22. Na5 Bc5 23. Kf2 Bxe3+ 24. Kxe3 Nc5 25. Rdc1 Ba8 26. Rc4 Nfd7 27. Rxb4 f5 28. exf5 exf5 29. Rd4 Nf6 30. Ndc4 Rb8 31. Rad1 Nxa4 32.
Nd6 Nxb2 33. R1d2 Ke6 34. Bxa6 Nd5+ 35. Rxd5 Bxd5 36. Nb5 Nc4+ 37. Kd4 Rcc8 38. Re2+ Kf6 39. Bxc8 Rxc8 40. Kxd5 Nxa5 41. Re6+ Kg5 42. h4+ Kh5 43. Nd6 Rb8 44. Nxf5 Rb5+ 45. Ke4 Rb4+ 46. Ke3 Nc4+ 47. Kf2 Rb2+ 48. Kg1 Rb1+ 49. Kh2 1-0

[Event "*** Titled Tuesday Blitz"]
[Site "Chess.com"]
[Date "2021.03.02"]
[Round "8"]
[White "Piccadilly123"]
[Black "PavelChernomordik"]
[Result "0-1"]
[WhiteElo "2260"]
[BlackElo "2374"]
[TimeControl "180+1"]
[EndTime "11:30:48 PST"]
[Termination "PavelChernomordik won by checkmate"]

1. e4 g6 2. d4 Bg7 3. Nc3 d6 4. Be3 a6 5. a4 b6 6. Qd2 Bb7 7.
h4 h6 8. f4 Nd7 9. Bd3 h5 10.
Nf3 c5 11. d5 Qc7 12. Bc4 Ngf6 13. Ng5 Ng4 14. Bg1 O-O 15. Be2 b5 16. axb5 axb5 17. Rxa8 Rxa8 18. Bxg4 hxg4 19. h5 Ra1+ 20. Kf2 gxh5 21. Rxh5 Nf6 22. Rh1 c4 23. Kg3 b4 24.
Nb5 Qa5 25. Nd4 c3 26. bxc3 bxc3 27. Qe3 Rd1 28. Nf5 Bf8 29. Nh6+ Bxh6 30. Rxh6 Qa1 31.
f5 Rxg1 32. Nf3 Rxg2+ 33. Kxg2 gxf3+ 34. Qxf3 Qe1 35. Qg3+ Qxg3+ 36. Kxg3 Nxe4+ 37. Kf4 Bxd5 38. Rh3 Kg7 39. Rd3 e6 40. fxe6 fxe6 41. Rd4 e5+ 42. Ke3 exd4+ 43. Kxd4 Bb7 44. Ke3 Kf6 45. Kd4 Kf5 46.
Kc4 d5+ 47. Kd4 Ke6 48. Ke3 Ke5 49. Kf3 d4 50. Ke2 Nc5 51. Kf2 Be4 52. Ke2 Bxc2 53. Ke1 d3 54. Kf2 d2 55. Ke3 d1=Q 56. Kf2 Ne4+ 57.
Ke3 Qd3# 0-1

[Event "*** Titled Tuesday Blitz"]
[Site "Chess.com"]
[Date "2021.03.02"]
[Round "8"]
[White "karinachess1"]
[Black "Zemerovv"]
[Result "1-0"]
[WhiteElo "2518"]
[BlackElo "2301"]
[TimeControl "180+1"]
[EndTime "11:30:52 PST"]
[Termination "karinachess1 won on time"]

1. d4 d5 2. Nf3 Nc6 3. g3 Bf5 4. Bg2 e6 5. O-O Nf6 6. c4 dxc4 7. Qa4 Nd7 8. Qxc4 Nb6 9. Qb3 Be7 10. Nc3 O-O 11.
Be3 Na5 12. Qd1 Nac4 13. Bc1 Nd5 14. Re1 Nxc3 15. bxc3 Be4 16. Bf4 Qd5 17. Bxc7 Rfc8 18. Bf4 Ba3 19. Qb3 b5 20. Nh4 Bxg2 21. Nxg2 a5 22.
e4 Qc6 23. Rab1 b4 24. cxb4 axb4 25. Rbd1 Nb2 26. d5 Qc3 27. Rc1 Qxb3 28. axb3 Nd3 29. Rxc8+ Rxc8 30. Rd1 Nb2 31. Rc1 Rc3 32. Bd2 Nd3 33.
Rxc3 bxc3 34. Bxc3 exd5 35. exd5 Bc5 36. Ne3 f6 37.
Kg2 Kf8 38. h4 Kf7 39. Kf3 Nc1 40. b4 Bd6 41. Nc4 Bc7 42. d6 Bd8 43. b5 Nd3 44. Bd4 Ke6 45. b6 Nb4 46. Na5 Na6 47. Nc6 Kd7 48.
Nxd8 Kxd8 49. b7 Kd7 50. Ba7 Kxd6 51. b8=Q+ Nxb8 52. Bxb8+ Ke6 53. Ba7 Kf5 54. g4+ Ke6 55. h5 Kf7 56. Bd4 g6 57. h6 1-0

[Event "*** Titled Tuesday Blitz"]
[Site "Chess.com"]
[Date "2021.03.02"]
[Round "8"]
[White "Kaslask"]
[Black "HajiyevKanan"]
[Result "0-1"]
[WhiteElo "2289"]
[BlackElo "2428"]
[TimeControl "180+1"]
[EndTime "11:30:52 PST"]
[Termination "HajiyevKanan won on time"]

1. e4 c6 2. d4 d5 3. Nd2 a6 4.
Ngf3 Bg4 5. h3 Bh5 6. e5 e6 7. c4 Nd7 8. cxd5 cxd5 9. Qb3 Qb6 10. Qe3 Ne7 11. g4 Bg6 12. Nh4 h5 13. Nxg6 Nxg6 14. Rg1 hxg4 15. hxg4 Bb4 16. Bd3 Ne7 17. Kf1 Nc6 18.
Nb3 a5 19. a4 Rh2 20. Bb5 O-O-O 21. Bd2 Rdh8 22. Rc1 Bxd2 23. Qxd2 Kd8 24. Bxc6 Qxb3 25. Qxa5+ Qb6 26. Qxb6+ Nxb6 27. Bb5 R8h3 28. Rc3 Rxc3 29. bxc3 Rh3 30. Rg3 Rxg3 31. fxg3 f6 32. exf6 gxf6 33.
Kf2 Ke7 34. Kf3 Nc8 35. g5 fxg5 36. Kg4 Kf6 37. Bd3 b6 38. Kh5 Nd6 39. Kg4 Nf5 40.
Kf3 Ne7 41. Ke3 Nc8 42. c4 dxc4 43. Bxc4 Nd6 44. Bd3 Nf5+ 45. Kf3 Nxd4+ 46. Ke4 Nb3 47. Bb5 Nc5+ 48. Kf3 Kf5 49. Bc6 g4+ 50. Ke3 e5 51. Bb5 e4 52. Bc6 Ke5 53. Bb5 Nb3 54. Bc6 Nd4 55.
Bxe4 Ne6 56. Bb7 Nc5 57. Bc8 Nxa4 58. Bxg4 Nc5 0-1

[Event "*** Titled Tuesday Blitz"]
[Site "Chess.com"]
[Date "2021.03.02"]
[Round "8"]
[White "KuzubovYuriy"]
[Black "Zkid"]
[Result "1/2-1/2"]
[WhiteElo "2918"]
[BlackElo "2841"]
[TimeControl "180+1"]
[EndTime "11:30:53 PST"]
[Termination "Game drawn by agreement"]

1. d4 d5 2. c4 dxc4 3. e4 Nf6 4. e5 Nd5 5. Bxc4 Nc6 6. Ne2 Bf5 7. Nbc3 Nb6 8. Bb5 e6 9. Ng3 Bg6 10. h4 h5 11. Bg5 Qd7 12. Nce2 a6 13. Bxc6 Qxc6 14.
Nf4 Qb5 15. Qe2 Bb4+ 16. Kf1 Nd5 17. Nxg6 fxg6 18. Rc1 O-O 19. Ne4 Nf4 20. Qxb5 axb5 21. a3 Ba5 22. Nc5 Bb6 23. Nd7 Rf7 24. Nxb6 cxb6 25.
Bxf4 Rxf4 26. Rh3 Rxd4 27. Rb3 b4 28. Rxb4 Rxb4 29. axb4 Ra4 30. Rc4 Ra2 31. Rc8+ Kh7 32. b3 Rd2 33. g3 Rd3 34. Re8 Rxb3 35. Rxe6 Rxb4 36. Re8 g5 37. hxg5 Kg6 38. f4 Kf5 39.
Rf8+ Kg4 40. e6 Re4 41. f5 Kxg5 42. Rf7 g6 43. fxg6 Kxg6 44. Rxb7 Rxe6 45. Kf2 Kf5 46. Kf3 Ke5 47. Rh7 Rf6+ 48. Ke3 Rf5 49. Rg7 Kd5 50. g4 Re5+ 51. Kd3 hxg4 52. Rxg4 Rh5 53. Kc3 Kc5 54. Kb3 Rh3+ 55. Kb2 Rd3 56. Kc2 Re3 57. Rh4 Kb5 58. Kb2 Rd3 59. Kc2 Ra3 60. Kb2 Ra4 61. Rh5+ Ka6 62.
Kb3 Re4 63. Rg5 b5 64. Rg8 Ka5 65. Ra8+ Kb6 1/2-1/2